 Dungeon Crawl Stone Soup version 0.16.0 (webtiles) character file.

1769 Fiveotanaka the Grappler (level 8, -5/74 HPs)
             Began as a Troll Monk on Mar 23, 2015.
             Slain by a warg (15 damage)
             ... on level 9 of the Dungeon.
             The game lasted 00:05:51 (1862 turns).

Fiveotanaka the Grappler (Troll Monk)               Turns: 1862, Time: 00:05:52

Health: -5/74      AC:  4    Str: 20    XL:     8   Next: 80%
Magic:  0/3        EV: 13    Int:  6    God:
Gold:   209        SH:  0    Dex: 14    Spells: 0 memorised, 7 levels left

rFire  + . .     SeeInvis .       - Unarmed
rCold  . . .     Clarity  .     o - +2 robe {rF+}
rNeg   . . .     SustAb   .     (shield restricted)
rPois  .         Gourm    +     (helmet restricted)
rElec  .         Spirit   +     (no cloak)
rCorr  .         Warding  .     (gloves unavailable)
rMut   .         Stasis   .     (boots unavailable)
MR     .....                    v - amulet of guardian spirit
Stlth  ++........               h - -3 ring of protection (curse)
                                t - +3 ring of evasion

@: not resistant to hostile enchantments, unstealthy
A: unfitting armour, claws 3, fast metabolism 3, gourmand, regeneration 2,
shaggy fur 1, tough skin 2
a: no special abilities


You were on level 9 of the Dungeon.
You were very full.

You visited 1 branch of the dungeon, and saw 9 of its levels.

You collected 209 gold pieces.

Inventory:

Armour
 a - a +0 robe
 o - a +2 robe of fire resistance (worn)
Jewellery
 g - an uncursed ring of see invisible
 h - a cursed -3 ring of protection (right claw)
 t - a +3 ring of evasion (left claw)
 v - an amulet of guardian spirit (around neck)
Scrolls
 c - 5 scrolls of identify {unknown}
 f - 6 scrolls of remove curse {unknown}
 j - 2 scrolls of recharging {unknown}
 n - a scroll of teleportation {unknown}
 s - a scroll of enchant weapon {unknown}
 x - a scroll of magic mapping {unknown}
Potions
 e - a potion of mutation {unknown}
 i - a potion of haste {unknown}
 k - a potion of heal wounds {unknown}
 p - a potion of agility {unknown}
 q - a potion of poison {unknown}
 u - a potion of curing {unknown}
 w - a potion of degeneration {unknown}
 z - a potion of berserk rage {unknown}
Comestibles
 b - 5 meat rations
 d - 4 bread rations
 l - 3 chunks of flesh
 m - 2 beef jerkies
 r - a fruit


   Skills:
 - Level 2.4 Fighting
 - Level 2.4 Dodging
 - Level 1.1 Stealth
 + Level 11.8 Unarmed Combat


You had 7 spell levels left.
You didn't know any spells.

Dungeon Overview and Level Annotations

Branches:
Dungeon (9/15)                Orc (0/4) D:9
 Temple: D:4-7         Lair: D:8-11

Altars:
Elyvilon
Gozag
Qazlal
Ru
Vehumet

Portals:
Bailey: D:8

Annotations:
D:6 exclusion: oklob plant
D:8 Prince Ribbit


Innate Abilities, Weirdness & Mutations

You are too large for most types of armour.
You have claws for hands.
Your metabolism is lightning-fast.
You like to eat raw meat.
You heal very quickly.
You are covered in fur (AC +1).
You have very tough skin (AC +2).


Message History

An orc comes into view.
The orc shouts!
The warg bites you. The orc priest hits you with a trident.
The orc priest looks braver.
An orc warrior comes into view. It is wielding a dire flail.
You see here a giant gecko corpse.
You closely miss the orc priest. The warg bites you!
* * * LOW HITPOINT WARNING * * *
You claw the orc priest!!
You kill the orc priest!
The warg bites you!
* * * LOW HITPOINT WARNING * * *
An orc comes into view. It is wielding a flail.
The warg barely misses you. The warg misses you.
Things that are here:
a trident; a leather armour You barely miss the orc wizard.
You claw the orc wizard!
You kill the orc wizard!
The warg bites you!
You die...

o.oo.........###.......
..............# #.......
>.o........# ..# #.......
....o......##..# ##......
......o.g$.....# #......
........oo......# #....}.
......oo.o##....# #......
........oh##....####....##
....##.o@†.............#
....##.............##### .
.................#####
......................#
.#...<............###.#
#....................#
....#######.).......# ...
#..#####..# #..#$$%#..#


You could see a warg, an orc warrior, an orc priest, 7 orcs and a goblin.

Vanquished Creatures
  A wyvern (D:9)
  A hippogriff (D:8)
  2 ice beasts (D:8)
  A necrophage (D:8)
  3 ogres
  A black bear (D:8)
  An orc warrior (D:8)
  A centaur (D:7)
  A big kobold (D:8)
  Blork the orc (D:5)
  2 giant frogs
  A goliath beetle (D:8)
  An orc priest (D:9)
  2 giant frog skeletons
  2 hounds (D:6)
  2 orc wizards
  5 worker ants
  2 adders
  A shadow imp (D:8)
  A giant mite (D:3)
  2 worms (D:3)
  2 giant geckos
  3 orcs
  4 bats
  3 giant cockroaches (D:3)
  5 goblins
  6 hobgoblins
  3 jackals (D:8)
  An ooze (D:3)
  2 quokkas
  2 giant newts
  7 kobolds
  7 rats
79 creatures vanquished.

Notes
Turn   | Place    | Note
--------------------------------------------------------------
     0 | D:1      | Fiveotanaka, the Troll Monk, began the quest for the Orb.
     0 | D:1      | Reached XP level 1. HP: 22/22 MP: 1/1
   275 | D:2      | Reached XP level 2. HP: 29/29 MP: 1/1
   704 | D:3      | Reached skill level 5 in Unarmed Combat
   704 | D:3      | Reached XP level 3. HP: 18/36 MP: 2/2
   944 | D:4      | Reached XP level 4. HP: 37/44 MP: 2/2
   954 | D:4      | Reached skill level 6 in Unarmed Combat
  1006 | D:4      | Reached XP level 5. HP: 38/50 MP: 2/2
  1071 | D:5      | Entered Level 5 of the Dungeon
  1073 | D:5      | Noticed Blork the orc
  1078 | D:5      | Killed Blork the orc
  1079 | D:5      | Reached skill level 7 in Unarmed Combat
  1138 | D:6      | Found a sacrificial altar of Ru.
  1138 | D:6      | Noticed an oklob plant
  1210 | D:6      | Found a radiant altar of Vehumet.
  1213 | D:6      | Found a white marble altar of Elyvilon.
  1214 | D:6      | Found an opulent altar of Gozag.
  1221 | D:6      | Found a stormy altar of Qazlal.
  1254 | D:6      | Reached XP level 6. HP: 54/59 MP: 3/3
  1438 | D:7      | Reached skill level 8 in Unarmed Combat
  1519 | D:8      | Reached XP level 7. HP: 57/66 MP: 3/3
  1581 | D:8      | Reached skill level 9 in Unarmed Combat
  1620 | D:8      | Noticed Prince Ribbit
  1647 | D:8      | Reached skill level 10 in Unarmed Combat
  1647 | D:8      | Reached XP level 8. HP: 65/74 MP: 3/3
  1670 | D:8      | Found a flagged portal.
  1693 | D:8      | Noticed a hippogriff
  1702 | D:8      | Killed a hippogriff
  1754 | D:8      | Reached skill level 11 in Unarmed Combat
  1850 | D:9      | Found a staircase to the Orcish Mines.
  1862 | D:9      | Slain by a warg

Action                   |  1- 3 |  4- 6 |  7- 9 || total
-------------------------+-------+-------+-------++-------
Melee: Unarmed           |    63 |    59 |    75 ||   197
 Stab: Sleeping          |     3 |       |       ||     3
  Eat: Chunk             |    14 |     5 |     2 ||    21
